 Dungeon Crawl Stone Soup version 0.21-a0-364-gbd1fde4 (webtiles) character file.

24501 KonductKing the Arsonist (level 12, -2/113 HPs)
             Began as a Troll Fire Elementalist on Oct 14, 2017.
             Was an Elder of Sif Muna.
             Slain by a meliai
             ... wielding a +0 hand axe
              (10 damage)
             ... on level 14 of the Dungeon.
             The game lasted 01:03:15 (23768 turns).

KonductKing the Arsonist (Troll Fire Elementalist) Turns: 23768, Time: 01:03:15

Health: -2/113     AC:  9    Str: 19    XL:     12   Next: 81%
Magic:  19/19      EV:  8    Int: 21    God:    Sif Muna [****..]
Gold:   697        SH: 12    Dex: 10    Spells: 12/22 levels left

rFire    + + .     SeeInvis .     - Unarmed
rCold    + + .     Gourm    +   x - +0 shield
rNeg     . . .     Faith    .   P - +1 robe {MR+}
rPois    +         Spirit   .   (helmet restricted)
rElec    +         Reflect  +   k - +2 cloak
rCorr    +         Harm     .   (gloves unavailable)
MR       +....                  (boots unavailable)
Stlth    ..........             m - +3 amulet of reflection
HPRegen  0.68/turn              a - ring of wizardry
MPRegen  0.16/turn              X - ring of Ephemeral Luck {rPois rF+ rC+ Int+6 Stlth-}

@: resistant, flying, divine energy
A: unfitting armour, claws 3, fast metabolism 3, gourmand, regeneration 1,
shaggy fur 1, tough skin 2
a: Stop Divine Energy, Channel Magic, Forget Spell, Renounce Religion


You were on level 14 of the Dungeon.
You worshipped Sif Muna.
Sif Muna was greatly pleased with you.
You were full.

You visited 4 branches of the dungeon, and saw 18 of its levels.

You collected 928 gold pieces.
You spent 231 gold pieces at shops.

Inventory:

Hand Weapons
 l - a +2 dagger of venom
 q - a +0 short sword of venom
Missiles
 h - 538 stones
 L - 63 arrows (quivered)
Armour
 k - a +2 cloak (worn)
 x - a +0 shield (worn)
 C - the +0 robe "Ohimn" {*Slow rPois Int+4 Slay+3}
   (You found it on level 5 of the Dungeon)

   It affects your intelligence (+4).
   It affects your accuracy and damage with ranged weapons and melee attacks
   (+3).
   It protects you from poison.
   It may slow you when you take damage.
 P - a +1 robe of magic resistance (worn)
 R - a +2 robe
Magical Staves
 b - an uncursed staff of fire
Jewellery
 a - a ring of wizardry (left claw)
 f - an uncursed ring of protection from fire
 j - a +1 ring of evasion
 m - a +3 amulet of reflection (around neck)
 p - an uncursed ring of stealth
 t - a +5 ring of dexterity
 F - a +6 ring of strength
 X - the ring of Ephemeral Luck (right claw) {rPois rF+ rC+ Int+6 Stlth-}
   (You found it on level 13 of the Dungeon)

   [ring of protection from fire]

   It affects your intelligence (+6).
   It protects you from fire.
   It protects you from cold.
   It protects you from poison.
   It makes you less stealthy.
Wands
 u - a wand of flame (26/48)
 G - a wand of digging (0/24)
 T - a wand of paralysis (13/24)
Scrolls
 d - a scroll of amnesia
 e - 2 scrolls of enchant armour
 g - 2 scrolls of remove curse
 i - 2 scrolls of enchant weapon
 r - 4 scrolls of magic mapping
 w - 2 scrolls of immolation
 B - a scroll of identify
 O - 2 scrolls of recharging
 Q - 3 scrolls of vulnerability
Potions
 n - 5 potions of curing
 o - 2 potions of mutation
 v - 2 potions of haste
 I - a potion of ambrosia
 J - a potion of lignification {unknown}
 K - 2 potions of agility
 M - 5 potions of degeneration
 Y - a potion of might {unknown}
Books
 s - a book of Geomancy

   Spells                             Type                      Level
   a - Sandblast                      Earth                        1
   b - Passwall                       Transmutation/Earth          2
   c - Stone Arrow                    Conjuration/Earth            3
   d - Petrify                        Transmutation/Earth          4
   e - Lee's Rapid Deconstruction     Earth                        5
 y - a book of Maledictions

   Spells                             Type                      Level
   a - Corona                         Hexes                        1
   b - Ensorcelled Hibernation        Hexes/Ice                    2
   c - Confuse                        Hexes                        3
   d - Tukima's Dance                 Hexes                        3
   e - Dazzling Spray                 Conjuration/Hexes            3
 A - a book of Changes

   Spells                             Type                      Level
   a - Beastly Appendage              Transmutation                1
   b - Sticks to Snakes               Transmutation                2
   c - Spider Form                    Transmutation/Poison         3
   d - Ice Form                       Ice/Transmutation            4
   e - Blade Hands                    Transmutation                5
 H - a book of Flames

   Spells                             Type                      Level
   a - Flame Tongue                   Conjuration/Fire             1
   b - Throw Flame                    Conjuration/Fire             2
   c - Conjure Flame                  Conjuration/Fire             3
   d - Inner Flame                    Hexes/Fire                   3
   e - Sticky Flame                   Conjuration/Fire             4
   f - Fireball                       Conjuration/Fire             5
 N - a book of Cantrips

   Spells                             Type                      Level
   a - Confusing Touch                Hexes                        1
   b - Animate Skeleton               Necromancy                   1
   c - Summon Small Mammal            Summoning                    1
   d - Apportation                    Translocation                1
 S - a book of the Tempests

   Spells                             Type                      Level
   a - Static Discharge               Conjuration/Air              3
   b - Lightning Bolt                 Conjuration/Air              5
   c - Ignition                       Fire                         8
   d - Tornado                        Air                          9
   e - Shatter                        Earth                        9
 Z - a book of Battle

   Spells                             Type                      Level
   a - Infusion                       Charms                       1
   b - Shroud of Golubria             Charms/Translocation         2
   c - Song of Slaying                Charms                       2
   d - Spectral Weapon                Hexes/Charms                 3
   e - Regeneration                   Charms/Necromancy            3
Comestibles
 c - 9 bread rations
 V - a meat ration
 W - 4 fruits


   Skills:
 + Level 5.7 Fighting
 - Level 1.5 Dodging
 - Level 1.0 Stealth
 + Level 4.0 Shields
 * Level 9.8 Unarmed Combat
 - Level 5.6 Spellcasting
 - Level 6.4 Conjurations
 - Level 10.3 Fire Magic


You had 12 spell levels left.
You knew the following spells:

 Your Spells              Type           Power        Failure   Level  Hunger
a - Flame Tongue          Conj/Fire      #####        1%          1    None
b - Conjure Flame         Conj/Fire      #####...     1%          3    ##.....
c - Sticky Flame          Conj/Fire      #####...     3%          4    ####...
d - Sticks to Snakes      Tmut           #.......     17%         2    None


Dungeon Overview and Level Annotations

Branches:
Dungeon (14/15)            Temple (1/1) D:5            Lair (2/6) D:8
    Orc (1/2) D:9
  Swamp: Lair:2-4    Shoals: Lair:2-4     Snake: Lair:2-4    Spider: Lair:2-4
 Vaults: D:13-14

Altars:
Ashenzari
Cheibriados
Dithmenos
Elyvilon
Fedhas
Gozag
Hepliaklqana
Kikubaaqudgha
Makhleb
Nemelex Xobeh
Okawaru
Qazlal
Ru
Sif Muna
Trog
Uskayaw
Vehumet
Wu Jian
Xom
Yredelemnul
Zin
The Shining One
Beogh

Shops:
D:8 *

Annotations:
D:9 exclusions: big kobold and lava snake
Orc:1 stone giant


Innate Abilities, Weirdness & Mutations

You are too large for most types of armour.
You have claws for hands.
Your metabolism is lightning-fast.
You like to eat raw meat.
Your natural rate of healing is unusually fast.
You are covered in fur. (AC +1)
You have very tough skin. (AC +2)


Message History

You regained 12 hp, and now have 22/113 hp.
Okay, then.
It was a potion of flight.
You feel very buoyant.
You fly up into the air.
The meliai hits you with a hand axe.
* * * LOW HITPOINT WARNING * * *
The meliai stings you.
* * * LOW HITPOINT WARNING * * *
You block the meliai's attack. The meliai barely misses you.
You take 5 damage, and have 17/113 hp.
It was a potion of resistance.
You feel protected. You block the meliai's attack. x2
The meliai invokes the aid of its god against you.
Something smites you!
* * * LOW HITPOINT WARNING * * *
You take 10 damage, and have 7/113 hp.
It was a potion of magic.
Magic courses through your body. The meliai hits you with a hand axe!
You die...

#######..#
#........#
#.#####.########
#...(.[..#
########.# #+
#.# ... #.# ≈...
#.# ≈.c.. #@#
≈.....####y#
......'.(yy#
......######
##+##


You could see 3 meliai.

Vanquished Creatures
  Josephine (D:12)
  Snorg (D:12)
  2 centaur warriors
  3 two-headed ogres
  Nergalle (D:12)
  An orc sorcerer (Orc:1)
  2 manticores
  A cyclops (D:12)
  5 ugly things
  A centaur zombie (D:12)
  2 centaur skeletons
  2 komodo dragons (Lair:1)
  3 trolls
  Grinder (D:4)
  10 blink frogs
  A meliai zombie (D:12)
  3 slime creatures (D:12)
  2 hippogriffs
  2 wyverns
  A vampire (D:13)
  A shadow (D:13)
  Sigmund (D:3)
  12 yaks (D:12)
  3 wraiths (D:12)
  2 hungry ghosts (D:12)
  5 water moccasins
  A black bear (D:10)
  Purgy (D:4)
  4 porcupines
  9 orc warriors
  5 ice beasts
  2 sky beasts
  2 eyes of draining
  A necrophage (D:11)
  A phantom (D:12)
  6 ogres
  A wolf (D:10)
  A centaur (D:11)
  A crocodile (D:7)
  3 big kobolds
  4 bullfrogs
  2 gnoll sergeants
  A scorpion (D:8)
  3 killer bees (D:10)
  8 wights
  A howler monkey (D:6)
  4 crimson imps
  A quasit (D:7)
  A bullfrog zombie (D:11)
  5 hounds
  5 jellies
  14 orc wizards
  14 orc priests
  A bullfrog skeleton (D:10)
  3 iguanas
  Ijyb (D:3)
  5 worker ants
  A hound skeleton (D:6)
  2 worker ant zombies (D:9)
  Robin (D:3)
  14 gnolls
  A river rat (D:3)
  19 adders
  4 shadow imps
  An ufetubus (D:10)
  An ooze (D:1)
  2 adder zombies
  An adder skeleton (D:4)
  2 worms
  2 dart slugs
  6 leopard geckos
  52 orcs
  7 bats
  6 giant cockroaches
  20 goblins
  10 hobgoblins
  13 jackals
  21 kobolds
  4 quokkas
  A ball python (D:3)
  5 frilled lizards
  A giant cockroach zombie (D:5)
  A leopard gecko skeleton (D:4)
  12 rats
390 creatures vanquished.

Vanquished Creatures (others)
  An orc (D:4)
  A fungus (Lair:2)
2 creatures vanquished.

Grand Total: 392 creatures vanquished

Notes
Turn   | Place    | Note
-------+----------+-------------------------------------------
     0 | D:1      | KonductKing the Troll Fire Elementalist began the quest for the Orb.
     0 | D:1      | Reached XP level 1. HP: 16/16 MP: 1/1
   154 | D:1      | Found a snail-covered altar of Cheibriados.
   729 | D:1      | Reached XP level 2. HP: 24/24 MP: 0/3
  1057 | D:1      | Reached skill level 1 in Conjurations
  1660 | D:2      | Reached XP level 3. HP: 30/31 MP: 1/4
  1746 | D:2      | Found a shadowy altar of Dithmenos.
  2400 | D:2      | Reached skill level 3 in Fire Magic
  2631 | D:3      | Reached XP level 4. HP: 38/39 MP: 0/5
  2929 | D:3      | Noticed Ijyb
  2949 | D:3      | Killed Ijyb
  3245 | D:3      | Reached XP level 5. HP: 34/45 MP: 0/7
  3389 | D:3      | Noticed Sigmund
  3406 | D:3      | Killed Sigmund
  3406 | D:3      | Reached skill level 4 in Fire Magic
  3406 | D:3      | Reached XP level 6. HP: 47/53 MP: 1/8
  3714 | D:3      | Noticed Grinder
  3721 | D:3      | Noticed Robin
  3729 | D:3      | Paralysed by Grinder for 2 turns
  3778 | D:2      | Learned a level 3 spell: Conjure Flame
  3783 | D:2      | Learned a level 4 spell: Sticky Flame
  3786 | D:2      | noice
  4011 | D:4      | Paralysed by Grinder for 2 turns
  4016 | D:4      | Killed Grinder
  4016 | D:4      | Reached XP level 7. HP: 41/59 MP: 0/9
  4381 | D:3      | Reached skill level 5 in Fire Magic
  5195 | D:3      | Killed Robin
  5712 | D:4      | Noticed Purgy
  5749 | D:4      | Killed Purgy
  6021 | D:4      | Reached XP level 8. HP: 67/67 MP: 6/11
  7359 | D:5      | Entered Level 5 of the Dungeon
  7407 | D:5      | Found a staircase to the Ecumenical Temple.
  7437 | Temple   | Entered the Ecumenical Temple
  7626 | Temple   | Became a worshipper of Sif Muna the Loreminder
  8109 | D:5      | Found a blossoming altar of Fedhas.
  8113 | D:5      | Found a hide-covered altar of Uskayaw.
  8116 | D:5      | Found an iron altar of Okawaru.
  8357 | D:5      | Got a twisted robe
  8368 | D:5      | Identified the +0 robe "Ohimn" {*Slow rPois Int+4 Slay+3} (You found it on level 5 of the Dungeon)
  8572 | D:6      | Found an ancient bone altar of Kikubaaqudgha.
  8572 | D:6      | Found a glowing silver altar of Zin.
  8574 | D:6      | Found a shadowy altar of Dithmenos.
  8574 | D:6      | Found a radiant altar of Vehumet.
  8577 | D:6      | Found a hazy altar of Hepliaklqana.
  8577 | D:6      | Found a sacrificial altar of Ru.
  8587 | D:6      | Reached skill level 6 in Fire Magic
  8727 | D:6      | noice
  9299 | D:6      | Learned a level 2 spell: Sticks to Snakes
  9983 | D:7      | Noticed a hippogriff
  9993 | D:7      | Killed a hippogriff
  9993 | D:7      | Reached * piety under Sif Muna
 10133 | D:7      | Reached XP level 9. HP: 71/74 MP: 1/13
 11118 | D:8      | Reached skill level 7 in Fire Magic
 11225 | D:8      | Found a glowing golden altar of the Shining One.
 11484 | D:8      | Found a staircase to the Lair.
 11513 | D:8      | Found Vyufruwn's Assorted Antiques.
 11518 | D:8      | Bought a gold wand for 132 gold pieces
 11518 | D:8      | Bought a scroll labeled ESETIT PAWNAM for 33 gold pieces
 11518 | D:8      | Bought a scroll of identify for 66 gold pieces
 11681 | D:8      | Found a bloodstained altar of Trog.
 12147 | D:9      | Found a staircase to the Orcish Mines.
 12148 | D:9      | Found a roughly hewn altar of Beogh.
 12448 | D:9      | Found a basalt altar of Yredelemnul.
 12617 | D:9      | Reached ** piety under Sif Muna
 13380 | D:9      | Noticed an ettin
 13451 | D:10     | Entered Level 10 of the Dungeon
 13459 | D:10     | Reached skill level 5 in Conjurations
 13544 | D:10     | Noticed a troll
 13566 | D:10     | Killed a troll
 13566 | D:10     | Reached skill level 8 in Fire Magic
 13834 | Lair:1   | Entered Level 1 of the Lair of Beasts
 14082 | D:8      | Reached XP level 10. HP: 35/81 MP: 3/16
 14299 | Lair:1   | Reached *** piety under Sif Muna
 14540 | Lair:1   | Reached skill level 5 in Spellcasting
 14984 | Lair:1   | Reached skill level 9 in Fire Magic
 15966 | Lair:2   | Noticed a four-headed hydra
 16095 | Lair:2   | Noticed an eight-headed hydra
 16266 | Orc:1    | Entered Level 1 of the Orcish Mines
 16385 | D:9      | Reached **** piety under Sif Muna
 16668 | Orc:1    | Noticed a two-headed ogre
 16682 | Orc:1    | Killed a two-headed ogre
 16682 | Orc:1    | Reached XP level 11. HP: 25/88 MP: 10/18
 17355 | Orc:1    | Reached skill level 1 in Unarmed Combat
 17432 | Orc:1    | Noticed an orc sorcerer
 17454 | Orc:1    | Killed an orc sorcerer
 17500 | Orc:1    | Noticed a stone giant
 17505 | Orc:1    | HP: 3/89 [stone giant/large rock (47)]
 17686 | D:10     | Reached skill level 1 in Fighting
 18471 | D:11     | Noticed a cyan ugly thing
 18495 | D:11     | Killed a cyan ugly thing
 18874 | D:11     | Noticed a cyan ugly thing
 18884 | D:11     | Killed a cyan ugly thing
 18884 | D:11     | Reached skill level 10 in Fire Magic
 19271 | D:11     | Noticed a two-headed ogre
 19288 | D:11     | Killed a two-headed ogre
 19493 | D:11     | Reached skill level 5 in Unarmed Combat
 19645 | D:11     | Noticed a cyan ugly thing
 19670 | D:11     | Killed a cyan ugly thing
 20229 | D:12     | Noticed Josephine
 20428 | D:12     | Killed Josephine
 20428 | D:12     | Reached ***** piety under Sif Muna
 20428 | D:12     | Received a gift from Sif Muna
 20922 | D:12     | Reached XP level 12. HP: 86/107 MP: 1/19
 21173 | D:12     | Reached skill level 1 in Shields
 21852 | D:12     | Noticed Nergalle
 22051 | D:12     | Killed Nergalle
 22451 | D:12     | Noticed Snorg
 22459 | D:12     | Killed Snorg
 22459 | D:12     | Reached skill level 5 in Fighting
 23271 | D:13     | Noticed a centaur warrior
 23272 | D:13     | Noticed a two-headed ogre
 23288 | D:13     | Killed a two-headed ogre
 23303 | D:13     | Killed a centaur warrior
 23460 | D:13     | Got a flickering granite ring
 23500 | D:13     | Identified the ring of Ephemeral Luck {rPois rF+ rC+ Int+6 Stlth-} (You found it on level 13 of the Dungeon)
 23501 | D:13     | NOICE
 23741 | D:14     | Noticed a centaur warrior
 23755 | D:14     | Killed a centaur warrior
 23768 | D:14     | Slain by a meliai

Vault maps used:
D:1:      dpeg_arrival_windows_large_door, cheibriados_altar_1
D:2:      first_bread, grunt_dithmenos_smoke
D:3:      gup_sewer_entry_spiral, uniq_ijyb, uniq_robin, uniq_grinder,
          uniq_sigmund
D:4:      kennysheep_goblin_castle, uniq_purgy
D:5:      minmay_overflow_temple_star_quad,
          minmay_temple_entry_statues_fountains
D:6:      grunt_temple_overflow_open
D:8:      kennysheep_little_box, lemuel_coloured_pillars_altar,
          lair_entry_dummy, serial_shops, shop, minmay_misc_feat_pillars
D:9:      kennysheep_mini, minmay_orc_entry_temple_small, kennysheep_island_fort
D:10:     serial_ice, serial_ice_a, serial_ice_m, serial_ice_i, serial_ice_e,
          hangedman_little_slice_of_home, kennysheep_generic_room_10
D:12:     uniq_snorg, uniq_nergalle, uniq_josephine
D:14:     hangedman_vaults_entry_quadrant_bands, tso_altar, serial_shops, shop,
          special_room, grunt_qazlal_clouds, uniq_agnes, uniq_sonja
Temple:   dpeg_chambers_temple
Lair:1:   wad_woods_structure_01
Lair:2:   spider_nest_entry_a, serial_bayou_pond_a, zaba_antful_of_joy

Skill      XL: |  1  2  3  4  5  6  7  8  9 10 11 12 |
---------------+-------------------------------------+-----
Conjurations   | 1 2 3 4 5 6 |  6.4
Fire Magic     | 3 4 5 6 8 9 10 | 10.3
Spellcasting   | 2 3 4 5 |  5.6
Unarmed Combat | 6 9 |  9.8
Fighting       | 4 5 |  5.7
Shields        | 4 |  4.0
Dodging        | |  1.5
Stealth        | |  1.0

Action                   |  1- 3 |  4- 6 |  7- 9 | 10-12 || total
-------------------------+-------+-------+-------+-------++-------
Melee: Unarmed           |    44 |    25 |       |   431 ||   500
       Dagger            |       |    14 |   157 |     6 ||   177
       Staff             |       |       |     3 |     4 ||     7
       Punch             |       |       |       |     1 ||     1
Throw: Stone             |     2 |       |     2 |       ||     4
 Cast: Flame Tongue      |    50 |    69 |   179 |   139 ||   437
       Sticky Flame      |       |     2 |    68 |   110 ||   180
       Conjure Flame     |       |       |     6 |     3 ||     9
       Sticks to Snakes  |       |       |     3 |    10 ||    13
Invok: Divine Energy     |       |       |     1 |       ||     1
Evoke: Wand              |       |       |       |     4 ||     4
  Use: Scroll            |       |     6 |    12 |     9 ||    27
       Potion            |       |     1 |     1 |    10 ||    12
 Stab: Sleeping          |       |       |     1 |       ||     1
  Eat: Chunk             |    26 |     9 |    88 |    85 ||   208
       Meat ration       |     1 |       |     2 |     2 ||     5
       Fruit             |       |       |     8 |     6 ||    14
       Royal jelly       |       |       |       |     6 ||     6
       Bread ration      |       |       |       |     1 ||     1
Armor: Robe              |    24 |    24 |   132 |   158 ||   338
Dodge: Dodged            |    46 |    45 |   220 |   186 ||   497
Block: Other             |       |     2 |    55 |    20 ||    77
       Reflection        |       |       |     2 |     9 ||    11
       Shield            |       |       |       |   217 ||   217

Table legend:
 A = Spawn XP
 B = Non-spawn XP
 C = Spawn XP percentage of total XP
 D = Spawn monster count
 E = Non-spawn monster count
 F = Spawn count percentage of total count
 G = Total turns spent on level
                    A         B        C        D         E        F      G
               +---------+---------+-------+---------+---------+-------+---------
         Total |       0 |   35002 |   0.0 |       0 |     390 |   0.0 | 23768
               +---------+---------+-------+---------+---------+-------+---------
           D:1 |       0 |      33 |   0.0 |       0 |      16 |   0.0 |  1615
           D:2 |       0 |      64 |   0.0 |       0 |      19 |   0.0 |  1140
           D:3 |       0 |     526 |   0.0 |       0 |      53 |   0.0 |  2525
           D:4 |       0 |    1050 |   0.0 |       0 |      43 |   0.0 |  2079
           D:5 |       0 |     143 |   0.0 |       0 |       9 |   0.0 |   943
           D:6 |       0 |     423 |   0.0 |       0 |      13 |   0.0 |  1241
           D:7 |       0 |     734 |   0.0 |       0 |      17 |   0.0 |  1228
           D:8 |       0 |    1410 |   0.0 |       0 |      15 |   0.0 |  1664
           D:9 |       0 |    1248 |   0.0 |       0 |      36 |   0.0 |  1817
          D:10 |       0 |    1288 |   0.0 |       0 |      23 |   0.0 |   840
          D:11 |       0 |    5339 |   0.0 |       0 |      44 |   0.0 |  1881
          D:12 |       0 |   11451 |   0.0 |       0 |      44 |   0.0 |  2817
          D:13 |       0 |    3588 |   0.0 |       0 |      21 |   0.0 |   799
          D:14 |       0 |    1311 |   0.0 |       0 |       2 |   0.0 |    88
        Lair:1 |       0 |    3661 |   0.0 |       0 |      17 |   0.0 |  1864
        Lair:2 |       0 |     151 |   0.0 |       0 |       1 |   0.0 |   113
         Orc:1 |       0 |    2582 |   0.0 |       0 |      17 |   0.0 |   903
               +---------+---------+-------+---------+---------+-------+---------
